 Dungeon Crawl Stone Soup version 0.24-a0-307-gf989941 (webtiles) character file.

Game seed: 18148138486978076070

577867 ShaftSimyoulator the Slayer (level 26, -8/264 HPs)
             Began as a Centaur Hunter on May 13, 2019.
             Was the Champion of Okawaru.
             Killed from afar by an acid blob (15 damage)
             ... with a splash of acid
             ... created by the Royal Jelly
             ... on level 4 of the Pits of Slime.
             The game lasted 04:26:52 (67283 turns).

ShaftSimyoulator the Slayer (Centaur Hunter)       Turns: 67283, Time: 04:26:55

Health: -8/264     AC: 32    Str: 29    XL:     26   Next: 32%
Magic:  29/44      EV: 10    Int: 15    God:    Okawaru [******]
Gold:   3471       SH:  3    Dex:  7    Spells: 15/51 levels left

rFire    + . .     SeeInvis +   a - +9 longbow (elec)
rCold    + . .     Gourm    .   (shield currently unavailable)
rNeg     + + +     Faith    .   A - +6 ring mail of the First Stars {rF+ MR++ Str+2}
rPois    +         Spirit   .   H - +0 helmet of Submission {+Blink rElec Str+4 Slay+3}
rElec    +         Reflect  +   z - +2 ratskin cloak {+Rats rPois rN+ Str-1 Int-1 Dex+1}
rCorr    .         Harm     .   Y - +2 pair of gloves
MR       +++..     Clarity  +   G - +2 centaur barding "Gam Sus" {Slay+3}
Stlth    ++........             F - amulet of the Present {Reflect rC+ Dex-4 SH+3 SInv}
HPRegen  0.54/turn              P - ring "Izitzauw" {*Drain +Fly rElec Int+3 Slay+4}
MPRegen  0.29/turn              W - ring "Hygut" {+Fly rN++ Slay+2}

@: heroism, finesse, singing, portal projectile, corroded, very quick
A: large, hooves 3, rugged brown scales 1, see invisible, clarity, deformed
body, speed 2, high mp 1, sense surroundings 1, tough skin 3
}: 2/15 runes: decaying, serpentine
a: Heroism, Finesse, Renounce Religion, Cancel Portal Projectile, Evoke Blink,
Evoke Ratskin, Evoke Flight


You were on level 4 of the Pits of Slime.
You worshipped Okawaru.
Okawaru was exalted by your worship.
You were not hungry.

You visited 11 branches of the dungeon, and saw 52 of its levels.
You also visited: Ice Cave and Wizlab.

You collected 6258 gold pieces.
You spent 2787 gold pieces at shops.

Inventory:

Hand Weapons
 a - a +9 longbow of electrocution (weapon)
 b - a +0 broad axe of electrocution
 J - a +7 longbow of chaos
Missiles
 d - 1391 arrows (quivered)
 U - 4 throwing nets
Armour
 q - the +1 chain mail "Folum" {Regen+ Str+2 Slay+3}
   (You found it on level 1 of the Elven Halls)

   It affects your strength (+2).
   It affects your accuracy and damage with ranged weapons and melee attacks
   (+3).
   It increases your rate of regeneration.
 z - the +2 ratskin cloak (worn) {+Rats rPois rN+ Str-1 Int-1 Dex+1}
   (You found it on level 5 of the Dungeon)

   It affects your strength (-1).
   It affects your intelligence (-1).
   It affects your dexterity (+1).
   It protects you from poison.
   It protects you from negative energy.
 A - the +6 ring mail of the First Stars (worn) {rF+ MR++ Str+2}
   (You found it on level 5 of the Dungeon)

   It affects your strength (+2).
   It protects you from fire.
   It affects your resistance to hostile enchantments.
 G - the +2 centaur barding "Gam Sus" (worn) {Slay+3}
   (Okawaru gifted it to you on level 3 of the Crypt)

   It affects your accuracy and damage with ranged weapons and melee attacks
   (+3).
 H - the +0 helmet of Submission (worn) {+Blink rElec Str+4 Slay+3}
   (Okawaru gifted it to you on level 1 of the Depths)

   It affects your strength (+4).
   It affects your accuracy and damage with ranged weapons and melee attacks
   (+3).
   It insulates you from electricity.
   It lets you blink.
 Q - +4 fire dragon scales {Xtahua}
 Y - a +2 pair of gloves (worn)
Jewellery
 m - the ring of Nuergh {rF+ rC+ Str+4 Dex+4 Stlth+}
   (You found it on level 1 of the Snake Pit)

   [ring of stealth]

   It affects your strength (+4).
   It affects your dexterity (+4).
   It protects you from fire.
   It protects you from cold.
   It makes you more stealthy.
 F - the amulet of the Present (around neck) {Reflect rC+ Dex-4 SH+3 SInv}
   (You bought it in a shop on level 2 of the Orcish Mines)

   [amulet of reflection]

   It shields you and reflects attacks.
   It affects your dexterity (-4).
   It protects you from cold.
   It lets you see invisible.
   It affects your SH (+3).
 P - the ring "Izitzauw" (left hand) {*Drain +Fly rElec Int+3 Slay+4}
   (You found it on level 3 of the Elven Halls)

   [ring of flight]

   It affects your intelligence (+3).
   It affects your accuracy and damage with ranged weapons and melee attacks
   (+4).
   It insulates you from electricity.
   It lets you fly.
   It causes draining when unequipped.
 T - a +2 amulet of reflection
 W - the ring "Hygut" (right hand) {+Fly rN++ Slay+2}
   (You found it in a wizard's laboratory)

   [ring of flight]

   It affects your accuracy and damage with ranged weapons and melee attacks
   (+2).
   It greatly protects you from negative energy.
   It lets you fly.
Wands
 c - a wand of iceblast (64)
 u - a wand of clouds (19)
 v - a wand of scattershot (9)
 R - a wand of acid (7)
 X - a wand of digging (17)
Scrolls
 e - 19 scrolls of remove curse
 j - 2 scrolls of summoning
 k - 7 scrolls of amnesia
 l - 9 scrolls of immolation
 n - 21 scrolls of teleportation
 p - 7 scrolls of magic mapping
 r - 7 scrolls of fear
 y - 4 scrolls of enchant armour
 B - 3 scrolls of fog
 L - 3 scrolls of silence
 M - 5 scrolls of blinking
 Z - 4 scrolls of identify
Potions
 g - 6 potions of resistance
 h - 9 potions of haste
 i - 3 potions of berserk rage
 s - 4 potions of magic
 t - 4 potions of cancellation
 w - 18 potions of curing
 x - 10 potions of flight
 C - 3 potions of agility
 D - 11 potions of might
 E - 6 potions of lignification
 I - 2 potions of brilliance
 K - 11 potions of heal wounds
 S - 3 potions of ambrosia
Miscellaneous
 o - 5 boxes of beasts
 O - a lamp of fire
Comestibles
 f - 76 rations


   Skills:
 + Level 24.8(27) Fighting
 - Level 20.0(25.0) Bows
 * Level 15.9(20.9) Armour
 * Level 3.2(8.2) Dodging
 - Level 0.4(5.4) Stealth
 - Level 13.0 Spellcasting
 - Level 7.1 Hexes
 - Level 7.4 Charms
 * Level 9.2 Summonings
 - Level 10.9 Necromancy
 - Level 7.0 Translocations
 - Level 3.1 Transmutations
 - Level 8.4 Air Magic
 - Level 13.7 Earth Magic
 + Level 11.3 Invocations
 - Level 5.0 Evocations


You had 15 spell levels left.
You knew the following spells:

 Your Spells              Type           Power        Failure   Level  Hunger
a - Regeneration          Chrm/Necr      #####.....   1%          3    None
b - Song of Slaying       Chrm           ####....     1%          2    None
c - Apportation           Tloc           ####..       1%          1    None
d - Portal Projectile     Hex/Tloc       ####..       1%          3    None
e - Passwall              Tmut/Erth      #####...     1%          2    None
f - Summon Lightning Spi  Summ/Air       #####...     2%          4    ##.....
g - Borgnjor's Vile Clut  Necr/Erth      #####.....   1%          5    #####..
h - Corpse Rot            Necr           N/A          1%          2    None
i - Aura of Abjuration    Summ           #####.....   5%          5    #####..
j - Dispel Undead         Necr           #####...     2%          5    #####..
k - Animate Dead          Necr           N/A          1%          4    ##.....

Your spell library contained the following spells:

 Spells                   Type           Power        Failure   Level  Hunger
 Animate Skeleton         Necr           N/A          1%          1    None
 Confusing Touch          Hex            ####..       1%          1    None
 Corona                   Hex            ####...      1%          1    None
 Infusion                 Chrm           ####         1%          1    None
 Pain                     Necr           ####         1%          1    None
 Sandblast                Erth           ######       1%          1    None
 Shock                    Conj/Air       ###.         1%          1    None
 Summon Butterflies       Summ           #####...     1%          1    None
 Summon Small Mammal      Summ           ####         1%          1    None
 Blink                    Tloc           N/A          1%          2    None
 Call Imp                 Summ           #####...     1%          2    None
 Shroud of Golubria       Chrm/Tloc      ####......   1%          2    None
 Slow                     Hex            ####....     1%          2    None
 Swiftness                Chrm/Air       ####....     1%          2    None
 Call Canine Familiar     Summ           #####...     1%          3    None
 Confuse                  Hex            ####....     1%          3    None
 Gell's Gravitas          Tloc           ####......   1%          3    None
 Lesser Beckoning         Tloc           ####......   1%          3    None
 Recall                   Summ/Tloc      N/A          1%          3    None
 Spectral Weapon          Hex/Chrm       ####....     1%          3    None
 Stone Arrow              Conj/Erth      ####..       1%          3    None
 Summon Guardian Golem    Hex/Summ       ####....     1%          3    None
 Tukima's Dance           Hex            ####....     1%          3    None
 Vampiric Draining        Necr           #####.....   1%          3    None
 Leda's Liquefaction      Hex/Erth       #####.....   1%          4    ##.....
 Beastly Appendage        Tmut           ###...       2%          1    None
 Poisonous Vapours        Pois/Air       ###...       2%          2    None
 Petrify                  Tmut/Erth      #####...     2%          4    ##.....
 Agony                    Necr           #####...     2%          5    #####..
 Ensorcelled Hibernation  Hex/Ice        ###...       3%          2    None
 Sticks to Snakes         Tmut           ###.....     3%          2    None
 Static Discharge         Conj/Air       ###.....     4%          3    None
 Cause Fear               Hex            ####......   4%          4    ##.....
 Summon Demon             Summ           #####.....   5%          5    #####..
 Dazzling Spray           Conj/Hex       ###...       6%          3    None
 Inner Flame              Hex/Fire       ###.....     6%          3    None
 Ozocubu's Armour         Chrm/Ice       ###.....     6%          3    None
 Freeze                   Ice            #...         9%          1    None
 Magic Dart               Conj           #...         9%          1    None
 Sting                    Conj/Pois      #...         9%          1    None
 Mephitic Cloud           Conj/Pois/Air  ###.....     9%          3    None
 Summon Forest            Summ/Tloc      ####......   9%          5    #####..
 Summon Mana Viper        Hex/Summ       ####....     9%          5    #####..
 Silence                  Hex/Air        ####......   10%         5    #####..
 Searing Ray              Conj           #.....       13%         2    None
 Throw Frost              Conj/Ice       #.....       13%         2    None
 Summon Ice Beast         Ice/Summ       ###.....     13%         4    ##.....
 Spider Form              Tmut/Pois      ##........   14%         3    None
 Death Channel            Necr           #####.....   16%         6    ######.
 Ignite Poison            Fire/Tmut/Pois ##......     17%         3    None
 Force Lance              Conj/Tloc      ###.....     21%         4    ##.....
 Fulminant Prism          Conj/Hex       ###.......   21%         4    ##.....
 Conjure Flame            Conj/Fire      #.......     26%         3    None
 Bolt of Draining         Conj/Necr      ####......   26%         5    #####..
 Yara's Violent Unravell  Hex/Tmut       ####......   30%         5    #####..
 Shadow Creatures         Summ           N/A          30%         6    ######.
 Bolt of Magma            Conj/Fire/Erth ###.......   36%         5    #####..
 Statue Form              Tmut/Erth      #####....    38%         6    ######.
 Lightning Bolt           Conj/Air       ###.......   41%         5    #####..
 Ice Form                 Ice/Tmut       ##......     43%         4    ##.....
 Deflect Missiles         Chrm/Air       ####......   45%         6    ######.
 Iskenderun's Battlesphe  Conj/Chrm      ###.....     47%         5    #####..
 Metabolic Englaciation   Hex/Ice        ###.......   50%         5    #####..
 Blade Hands              Tmut           ###.......   56%         5    #####..
 Darkness                 Hex            ####......   58%         6    ######.
 Invisibility             Hex            ####....     58%         6    ######.
 Iron Shot                Conj/Erth      ####......   63%         6    ######.
 Iskenderun's Mystic Bla  Conj           #.......     65%         4    ##.....
 Olgreb's Toxic Radiance  Pois           #.......     65%         4    ##.....
 Throw Icicle             Conj/Ice       #.......     65%         4    ##.....
 Haunt                    Necr/Summ      #####.....   75%         7    #######
 Alistair's Intoxication  Tmut/Pois      ##......     78%         5    #####..
 Irradiate                Conj/Tmut      ##........   78%         5    #####..
 Simulacrum               Ice/Necr       ####......   82%         6    ######.
 Summon Hydra             Summ           #####.....   86%         7    #######
 Fireball                 Conj/Fire      #.........   94%         5    #####..
 Venom Bolt               Conj/Pois      #.........   94%         5    #####..
 Hydra Form               Tmut           ###.......   98%         6    ######.
 Bolt of Fire             Conj/Fire      #.........   100%        6    ######.
 Ozocubu's Refrigeration  Ice            #.........   100%        6    ######.
 Dragon Form              Tmut           ###.......   100%        7    #######
 Orb of Destruction       Conj           #.........   100%        7    #######
 Ring of Flames           Chrm/Fire      ###.......   100%        7    #######
 Spellforged Servitor     Conj/Summ      ###.......   100%        7    #######
 Controlled Blink         Tloc           N/A          100%        8    #######
 Ignition                 Fire           #.........   100%        8    #######
 Shatter                  Erth           ######....   100%        9    #######
 Tornado                  Air            #####.....   100%        9    #######


Dungeon Overview and Level Annotations

Branches:
Dungeon (15/15)            Temple (1/1) D:4            Lair (6/6) D:11
  Swamp (4/4) Lair:4        Snake (4/4) Lair:3        Slime (5/5) Lair:6
    Orc (2/2) D:12            Elf (3/3) Orc:2        Vaults (4/5) D:14
  Crypt (3/3) Vaults:3       Tomb (0/3) Crypt:3      Depths (5/5) D:15
    Zot (0/5) Depths:5

Altars:
Ashenzari
Cheibriados
Dithmenos
Elyvilon
Fedhas
Gozag
Hepliaklqana
Kikubaaqudgha
Makhleb
Nemelex Xobeh
Okawaru
Qazlal
Ru
Sif Muna
Trog
Uskayaw
Vehumet
Wu Jian
Xom
Yredelemnul
Zin
The Shining One
Beogh
Jiyva

Shops:
D:9 !   D:11 *   D:13 (   Orc:2 =[:%!   Elf:1 *   Snake:4 *   Vaults:1 %
Vaults:2 [}   Vaults:3 !   Depths:3 [

Portals:
Hell: Depths:1 Depths:2 Depths:3 Depths:4 Depths:5
Abyss: Depths:4
Pandemonium: Orc:2 Depths:3
Ziggurat: Depths:3

Annotations:
D:2 exclusion: downstairs
D:8 Harold
D:10 exclusion: downstairs
Lair:4 1 runed translucent door, exclusion: downstairs, frenix's ghost, journeyman VSBe
Vaults:2 exclusion: downstairs
Vaults:3 Fueclu's ghost, master GrEE


Innate Abilities, Weirdness & Mutations

You have hooves in place of feet.
Armour fits poorly on your strangely shaped body.
You cover ground very quickly.
You have extremely tough skin. (AC +3)
You are partially covered in rugged brown scales. (AC +1, +3% HP)
You have supernaturally acute eyesight. (SInv)
You possess an exceptional clarity of mind.
You have an increased reservoir of magic. (+10% MP)
You passively map a small area around you.


Message History

* * * LOW HITPOINT WARNING * * *
Firing (i - inventory. (/) - cycle)
d - 1391 arrows (quivered)
Press: ? - help, Shift-Dir - straight line, f/p - acid blob
Aim: an acid blob (heavily wounded)
Okay, then.
The acid blob spits acid at you. The splash of acid hits you!
* * * LOW HITPOINT WARNING * * *
You are splashed with acid!
* * * LOW HITPOINT WARNING * * *
You feel much better.
The acid blob hits you but does no damage.
You can now deal lightning-fast blows.
The acid blob hits you!!
* * * LOW HITPOINT WARNING * * *
You are splashed with acid!
* * * LOW HITPOINT WARNING * * *
The acid blob spits acid at you. The splash of acid hits you!
You die...

* #..#....(#......##...........
...........(#.........>........
*.....#.........................
......#....................###.
........<..............#....# #
#.#...........................,
......#........................
..............................
#............@J(.........#....
#............(J..........##..
##.......#.(.............#
##.......#.......#.#...##* *
##...............##....## ,
#................#..... * * *
,##..............#..^#.# * ,
,.....#..<..........#.## # ,
,............#..........# .#


You could see 2 acid blobs.

Vanquished Creatures
  the Royal Jelly (Slime:5)
  Mara (Vaults:3)
  4 ancient liches
  Boris (Crypt:1)
  Sojobo (Crypt:1)
  Xtahua (Depths:3)
  A curse toe (Crypt:3)
  Vashnia (Snake:3)
  Nikola (Elf:1)
  2 bone dragons (Depths:5)
  5 golden dragons
  4 liches
  3 tentacled monstrosities
  A Cloud Mage (WizLab)
  A titan (Depths:3)
  Rupert (D:13)
  3 deep elf blademasters
  2 deep elf master archers (Elf:3)
  9 acid blobs
  Kirke (Lair:5)
  3 sphinxes
  2 shadow dragons
  8 ancient champions
  5 thorn hunters
  11 tengu reavers
  Roxanne (Swamp:4)
  A storm dragon (Depths:5)
  17 nagarajas
  Donald (Vaults:4)
  13 fire giants
  A revenant (Crypt:3)
  6 azure jellies
  A draconian monk (Depths:5)
  A draconian knight (Depths:5)
  10 deep elf sorcerers
  A draconian scorcher (Depths:5)
  9 frost giants
  An orc warlord (Depths:2)
  2 iron dragons (Depths:2)
  3 deep elf elementalists
  3 curse skulls
  13 vault wardens
  5 ghouls
  14 ironheart preservers
  The ghost of Patate the Fighter, a journeyman TrFi of Trog (Lair:6)
  5 spriggan defenders
  16 very ugly things
  A reaper (Crypt:2)
  5 vampire knights
  3 entropy weavers
  16 stone giants
  A deep elf demonologist (Elf:2)
  A yellow draconian (Depths:5)
  2 black draconians (Depths:5)
  7 deep elf annihilators
  A red draconian (Depths:5)
  7 spark wasps
  5 deep elf death magi
  Snorg (D:13)
  2 merfolk javelineers (Depths:1)
  6 eidola
  Josephine (D:13)
  5 blizzard demons (WizLab)
  2 merfolk impalers
  12 ettins
  2 death oozes (Slime:5)
  5 jiangshi
  A quicksilver dragon zombie (Crypt:3)
  12 fire dragons
  4 deep elf high priests
  8 great orbs of eyes
  12 yaktaur captains
  14 ice dragons
  17 naga warriors
  5 rakshasas
  5 spriggan air magi
  24 anacondas
  19 hydras
  6 ghost crabs
  11 vault guards
  13 centaur warriors
  A shambling mangrove (Swamp:4)
  7 death knights
  49 two-headed ogres
  16 ogre magi
  23 dancing weapons
  7 alligators
  10 deep troll shamans
  9 deep troll earth magi
  8 vampire magi
  A death yak (Lair:5)
  Urug (D:13)
  6 orc high priests
  20 naga sharpshooters
  17 shock serpents
  7 tengu warriors
  Sonja (Orc:2)
  5 spriggan berserkers
  2 soul eaters (Crypt:1)
  Nergalle (Lair:4)
  21 deep elf knights
  A fire crab (Lair:4)
  23 hell knights
  6 salamander mystics
  9 flayed ghosts
  2 golden dragon zombies
  An iron troll (Depths:5)
  A storm dragon skeleton (Vaults:4)
  A sea snake (Snake:4)
  A titan skeleton (D:15)
  A spark wasp zombie (Crypt:1)
  2 death drakes (WizLab)
  36 skeletal warriors
  An infernal demonspawn (Orc:2)
  25 deep trolls
  5 shadow wraiths
  3 spriggan druids
  A ghost moth zombie (Crypt:3)
  6 glowing orange brains
  An unseen horror (shapeshifter) (Vaults:2)
  21 deep elf archers
  17 swamp dragons
  3 wizards
  7 phantasmal warriors
  2 gelid demonspawn (Orc:2)
  13 ironbrand convokers
  7 unseen horrors
  An entropy weaver zombie (Crypt:2)
  8 naga ritualists
  An obsidian statue (Vaults:3)
  A sphinx zombie (Crypt:3)
  13 orc knights
  A harpy (shapeshifter) (Vaults:3)
  An orb spider (shapeshifter) (D:13)
  A shadow dragon skeleton (Crypt:2)
  13 mana vipers
  A frost giant zombie (Vaults:4)
  A wolf spider zombie (Crypt:1)
  11 orc sorcerers
  57 deep elf magi
  A sphinx skeleton (Vaults:3)
  17 necromancers
  A stone giant zombie (D:15)
  4 wolf spiders
  A fire giant zombie (Depths:1)
  36 ugly things
  2 tengu skeletons
  A salamander (shapeshifter) (D:14)
  A manticore (D:14)
  An iron dragon skeleton (Crypt:3)
  11 salamanders
  6 shining eyes
  A torpor snail (shapeshifter) (Depths:1)
  4 cyclopes
  51 black mambas
  4 elephants
  Maurice (D:8)
  19 naga magi
  11 vault sentinels
  3 apocalypse crabs (WizLab)
  15 guardian serpents
  3 ice statues (IceCv)
  A frost giant skeleton (D:15)
  5 centaur skeletons
  2 eyes of devastation (Slime:3)
  A gargoyle (D:15)
  An emperor scorpion zombie (Crypt:2)
  An elephant slug zombie (Crypt:1)
  30 spiny frogs
  2 kobold demonologists (D:13)
  A torpor snail (Lair:6)
  A red draconian zombie (Crypt:2)
  10 rime drakes
  A swamp worm zombie (Crypt:1)
  11 komodo dragons
  4 efreet
  2 tengu conjurers (Depths:4)
  46 yaktaurs
  14 freezing wraiths
  11 ice devils
  2 green draconian skeletons (Crypt:1)
  2 queen bees
  A meliai (shapeshifter) (Depths:1)
  3 polar bears (shapeshifter)
  A merfolk (shapeshifter) (Vaults:1)
  16 hornets
  A queen bee (shapeshifter) (D:14)
  8 trolls
  3 wind drakes (WizLab)
  A polar bear (Lair:5)
  A wolf spider simulacrum (Vaults:1)
  A raiju (shapeshifter) (Vaults:2)
  3 meliai (Lair:5)
  17 tyrant leeches
  A tyrant leech (shapeshifter) (Depths:2)
  A slime creature (shapeshifter) (Depths:3)
  An ettin zombie (Vaults:4)
  A meliai zombie (D:13)
  16 blink frogs
  13 dream sheep
  75 slime creatures
  11 bog bodies
  A stone giant simulacrum (Vaults:4)
  An alligator zombie (Crypt:1)
  7 hippogriffs
  A fire dragon zombie (Depths:1)
  Sigmund (D:5)
  7 flying skulls
  5 redbacks
  An ettin skeleton (Vaults:1)
  2 tarantellas (shapeshifter)
  14 wraiths
  4 shadows
  A tarantella (Vaults:3)
  17 air elementals
  An alligator skeleton (Crypt:3)
  2 spriggans (shapeshifter)
  12 spriggans
  4 basilisks
  17 water elementals
  6 wyverns
  A human (D:13)
  42 yaks
  2 vampires
  A hog (shapeshifter) (Vaults:2)
  2 hogs (Lair:5)
  2 steam dragons
  2 humans (shapeshifter)
  A death yak simulacrum (Lair:6)
  A golden eye (Slime:5)
  3 hungry ghosts
  4 wargs
  19 insubstantial wisps
  29 vampire mosquitoes
  3 acid dragons
  69 nagas
  13 swamp worms
  A tengu zombie (D:15)
  A floating eye (shapeshifter) (Depths:3)
  A spiny frog zombie (Crypt:2)
  A hydra simulacrum (Lair:6)
  10 water moccasins
  2 merfolk skeletons
  A floating eye (Slime:3)
  45 orc warriors
  9 porcupines
  A black bear (D:9)
  2 hornet zombies
  2 sky beasts
  15 swamp drakes
  An ice beast (D:14)
  3 eyes of draining
  An ettin simulacrum (Vaults:2)
  A phantom (D:9)
  12 boggarts
  A manticore zombie (Crypt:1)
  3 necrophages
  23 ogres
  7 wolves
  8 human skeletons
  17 centaurs
  13 crocodiles
  A rime drake zombie (Crypt:2)
  21 bullfrogs
  2 big kobolds (D:12)
  A draconian zombie (Crypt:3)
  3 earth elementals
  3 spiny frog simulacra (Lair:6)
  4 scorpions
  103 killer bees
  10 wights
  4 electric eels
  A howler monkey (D:6)
  2 troll skeletons
  7 crimson imps
  A komodo dragon simulacrum (Lair:6)
  A human simulacrum (Vaults:4)
  2 jellies
  A bullfrog zombie (D:7)
  A human zombie (Crypt:2)
  A demonspawn zombie (Crypt:3)
  A fire crab simulacrum (Lair:6)
  4 hounds
  25 orc wizards
  35 orc priests
  3 bullfrog skeletons
  Jessica (D:2)
  2 iguanas
  Ijyb (D:3)
  5 troll simulacra (IceCv)
  5 worker ants
  A hell rat (D:5)
  2 killer bee zombies
  An ogre skeleton (Crypt:3)
  2 hound skeletons
  A worker ant zombie (D:11)
  A howler monkey skeleton (D:9)
  A steam dragon zombie (Crypt:2)
  11 adders
  3 naga simulacra (IceCv)
  6 river rats (D:5)
  2 ogre simulacra (IceCv)
  5 shadow imps
  An ooze (D:2)
  2 iguana skeletons (Crypt:1)
  7 worms
  3 dart slugs
  6 leopard geckos
  118 orcs
  4 ball pythons
  3 giant cockroaches
  6 goblins
  8 hobgoblins
  7 jackals
  19 kobolds
  6 quokkas
  9 bats
  8 frilled lizards
  A gnoll skeleton (Crypt:3)
  A jackal skeleton (D:8)
  26 rats
  A fire vortex (Lair:6)
  2 plants
2473 creatures vanquished.

Vanquished Creatures (others)
  A skeletal warrior (Crypt:1)
  A phantasmal warrior (Crypt:1)
  A centaur skeleton (D:15)
  A yaktaur (Depths:5)
  A human skeleton (Vaults:1)
  A blink frog (Lair:5)
  2 humans (Lair:5)
  A wolf (Lair:5)
  2 orcs
  7 fungi
  39 plants
  16 withered plants (D:15)
73 creatures vanquished.

Grand Total: 2546 creatures vanquished

Notes
Turn   | Place    | Note
-------+----------+-------------------------------------------
     0 | D:1      | ShaftSimyoulator the Centaur Hunter began the quest for the
                  | Orb.
     0 | D:1      | Reached XP level 1. HP: 17/17 MP: 1/1
   607 | D:1      | Reached XP level 2. HP: 24/24 MP: 2/2
   807 | D:1      | Reached skill level 1 in Armour
   845 | D:1      | Reached XP level 3. HP: 20/29 MP: 3/3
  1291 | D:2      | Noticed Jessica
  1298 | D:2      | Killed Jessica
  1298 | D:2      | Reached XP level 4. HP: 35/37 MP: 4/4
  1706 | D:2      | Found a shimmering altar of Xom.
  2180 | D:2      | Found a radiant altar of Vehumet.
  2227 | D:2      | Found a faded altar of an unknown god.
  2277 | D:2      | Reached XP level 5. HP: 36/42 MP: 5/5
  2590 | D:2      | Found a sacrificial altar of Ru.
  2626 | D:2      | Found a hide-covered altar of Uskayaw.
  3006 | D:3      | Noticed Ijyb
  4138 | D:3      | Killed Ijyb
  4390 | D:4      | Found a staircase to the Ecumenical Temple.
  4818 | D:4      | Reached skill level 3 in Fighting
  4818 | D:4      | Reached XP level 6. HP: 44/51 MP: 6/6
  5226 | Temple   | Entered the Ecumenical Temple
  5338 | Temple   | Became a worshipper of Warmaster Okawaru
  5377 | D:5      | Entered Level 5 of the Dungeon
  5638 | D:5      | Found the +2 ratskin cloak {+Rats rPois rN+ Str-1 Int-1
                  | Dex+1}
  5992 | D:5      | Reached XP level 7. HP: 54/57 MP: 7/7
  6318 | D:5      | Noticed Sigmund
  6406 | D:5      | Killed Sigmund
  6406 | D:5      | Reached * piety under Okawaru
  6424 | D:5      | Reached skill level 5 in Armour
  6424 | D:5      | Reached skill level 1 in Evocations
  6955 | D:5      | Got an ichor-stained ring mail
  6966 | D:5      | Identified the +6 ring mail of the First Stars {rF+ MR++
                  | Str+2} (You found it on level 5 of the Dungeon)
  7154 | D:6      | Found a white marble altar of Elyvilon.
  7154 | D:6      | Found a glowing silver altar of Zin.
  7264 | D:6      | Found a snail-covered altar of Cheibriados.
  7436 | D:6      | Reached XP level 8. HP: 63/66 MP: 9/9
  7511 | D:6      | Found a hazy altar of Hepliaklqana.
  7687 | D:6      | Reached skill level 1 in Invocations
  8141 | D:7      | Reached skill level 4 in Fighting
  8327 | D:7      | Reached ** piety under Okawaru
  8553 | D:7      | Reached skill level 10 in Bows
  9390 | D:8      | Noticed Maurice
  9418 | D:8      | Killed Maurice
  9418 | D:8      | Reached XP level 9. HP: 60/72 MP: 9/11
  9619 | D:8      | Noticed Harold
  9799 | D:8      | Reached *** piety under Okawaru
 10018 | D:8      | Found a stormy altar of Qazlal.
 10414 | D:9      | Found Eloeher's Distillery.
 10471 | D:9      | Bought 2 potions of heal wounds for 110 gold pieces
 10472 | D:9      | Gained mutation: You expend magic power (3 MP) to
                  | strengthen your wands. [potion of mutation]
 10472 | D:9      | Gained mutation: You passively map a small area around you.
                  | [potion of mutation]
 10472 | D:9      | Gained mutation: You are partially covered in molten
                  | scales. (AC +2) [potion of mutation]
 10473 | D:9      | Lost mutation: You expend magic power (3 MP) to strengthen
                  | your wands. [potion of mutation]
 10473 | D:9      | Lost mutation: You are partially covered in molten scales.
                  | (AC +2) [potion of mutation]
 10473 | D:9      | Gained mutation: You occasionally shout uncontrollably at
                  | your foes. [potion of mutation]
 10473 | D:9      | Gained mutation: You possess an exceptional clarity of
                  | mind. [potion of mutation]
 10473 | D:9      | Gained mutation: You are agile. (Dex +2) [potion of
                  | mutation]
 10474 | D:9      | Lost mutation: You are agile. (Dex +2) [potion of mutation]
 10474 | D:9      | Lost mutation: You occasionally shout uncontrollably at
                  | your foes. [potion of mutation]
 10474 | D:9      | Gained mutation: You have supernaturally acute eyesight.
                  | (SInv) [potion of mutation]
 10474 | D:9      | Gained mutation: You are partially covered in rugged brown
                  | scales. (AC +1, +3% HP) [potion of mutation]
 10474 | D:9      | Gained mutation: You have an increased reservoir of magic.
                  | (+10% MP) [potion of mutation]
 10474 | D:9      | Gained mutation: You are agile. (Dex +2) [potion of
                  | mutation]
 11111 | D:10     | Entered Level 10 of the Dungeon
 11215 | D:10     | Reached skill level 5 in Fighting
 11375 | D:10     | Reached **** piety under Okawaru
 11385 | D:10     | Received a gift from Okawaru
 11392 | D:10     | Reached XP level 10. HP: 35/83 MP: 14/14
 11977 | D:10     | Learned a level 3 spell: Regeneration
 12380 | D:11     | Found Foapeoky's General Store.
 12442 | D:11     | Bought a scroll of blinking for 97 gold pieces
 12489 | D:11     | Received a gift from Okawaru
 12523 | D:11     | Received a gift from Okawaru
 12805 | D:11     | Reached skill level 6 in Fighting
 12860 | D:11     | Noticed an unseen horror
 12872 | D:11     | Killed an unseen horror
 12872 | D:11     | Reached ***** piety under Okawaru
 12947 | D:11     | Noticed a two-headed ogre
 12968 | D:11     | Killed a two-headed ogre
 12968 | D:11     | Reached skill level 5 in Invocations
 12989 | D:11     | Received a gift from Okawaru
 13787 | D:11     | Received a gift from Okawaru
 13814 | D:11     | Found a staircase to the Lair.
 13910 | D:11     | Reached XP level 11. HP: 77/93 MP: 16/16
 13988 | D:11     | Noticed an eight-headed hydra
 14253 | D:11     | Killed an eight-headed hydra
 14641 | D:12     | Noticed an unseen horror
 14657 | D:12     | Killed an unseen horror
 14657 | D:12     | Reached skill level 7 in Fighting
 14657 | D:12     | Reached skill level 15 in Bows
 16057 | D:12     | Noticed a red ugly thing
 16084 | D:12     | Killed a red ugly thing
 16156 | D:12     | Reached skill level 5 in Evocations
 16278 | D:12     | Found a sacrificial altar of Ru.
 16310 | D:12     | Found a staircase to the Orcish Mines.
 16463 | D:12     | Noticed an unseen horror
 16492 | D:12     | Killed an unseen horror
 16951 | D:13     | You are sucked into a shaft!
 16951 | D:14     | Noticed a centaur warrior
 16957 | D:15     | Entered Level 15 of the Dungeon
 17078 | D:14     | Received a gift from Okawaru
 17078 | D:14     | Reached skill level 8 in Fighting
 17503 | D:15     | Paralysed by a hornet for 3 turns
 17510 | D:15     | Reached ****** piety under Okawaru
 18021 | D:14     | Reached XP level 12. HP: 95/104 MP: 15/18
 18036 | D:14     | Killed a centaur warrior
 18639 | D:13     | Received a gift from Okawaru
 18650 | D:13     | Noticed Josephine
 18685 | D:13     | Killed Josephine
 18768 | D:13     | Noticed Urug
 18785 | D:13     | Killed Urug
 18968 | D:13     | Found Lyrafy's Weapon Shop.
 19013 | D:13     | Noticed Snorg
 19053 | D:13     | Killed Snorg
 19275 | D:13     | Noticed Rupert
 19289 | D:13     | Killed Rupert
 19289 | D:13     | Received a gift from Okawaru
 19289 | D:13     | Received a gift from Okawaru
 19289 | D:13     | Reached skill level 9 in Fighting
 19766 | D:14     | You are sucked into a shaft!
 19794 | D:15     | Found a burning altar of Makhleb.
 20038 | D:15     | Reached XP level 13. HP: 68/114 MP: 20/20
 20216 | D:14     | Received a gift from Okawaru
 20619 | D:14     | Found a gate to the Vaults.
 21133 | D:15     | Received a gift from Okawaru
 21235 | D:15     | Found a staircase to the Depths.
 21827 | Lair:1   | Entered Level 1 of the Lair of Beasts
 21969 | Lair:1   | Reached skill level 10 in Fighting
 22026 | Lair:1   | Learned a level 2 spell: Song of Slaying
 22597 | Lair:2   | Reached skill level 1 in Charms
 22620 | Lair:2   | Reached skill level 1 in Spellcasting
 22780 | Lair:2   | Received a gift from Okawaru
 22831 | Lair:2   | Found a frozen archway.
 22918 | IceCv    | Entered an ice cave
 22967 | IceCv    | Received a gift from Okawaru
 23280 | IceCv    | Reached XP level 14. HP: 125/125 MP: 23/23
 23325 | IceCv    | Received a gift from Okawaru
 23684 | Lair:2   | Received a gift from Okawaru
 24633 | Lair:3   | Found a staircase to the Snake Pit.
 24665 | Lair:3   | Reached skill level 11 in Fighting
 25503 | Lair:4   | Found a staircase to the Swamp.
 25763 | Lair:4   | Found a runed translucent door.
 25764 | Lair:4   | Noticed frenix's ghost (journeyman VSBe)
 25766 | Lair:4   | Identified the +9 trident "Xadghen" {flame, -Tele rF++ rC+}
 25786 | Lair:4   | Received a gift from Okawaru
 25814 | Lair:4   | Reached skill level 1 in Necromancy
 26054 | Lair:4   | Noticed Nergalle
 26060 | Lair:4   | Killed Nergalle
 26228 | Lair:5   | Noticed Kirke
 26234 | Lair:5   | Received a gift from Okawaru
 26245 | Lair:5   | Killed Kirke
 26625 | Lair:5   | Reached skill level 10 in Invocations
 27508 | Lair:5   | Received a gift from Okawaru
 27701 | Lair:5   | Reached skill level 12 in Fighting
 27770 | Lair:6   | Entered Level 6 of the Lair of Beasts
 27840 | Lair:5   | Received a gift from Okawaru
 27842 | Lair:5   | Reached XP level 15. HP: 108/135 MP: 21/24
 27851 | Lair:5   | Got a crude helmet {god gift}
 27862 | Lair:5   | Identified the +1 helmet of Noughts and Crosses {rC+ rN+}
                  | (Okawaru gifted it to you on level 5 of the Lair of Beasts)
 28165 | Lair:6   | Reached skill level 5 in Charms
 28424 | Lair:6   | Learned a level 1 spell: Apportation
 28428 | Lair:6   | Learned a level 3 spell: Portal Projectile
 28530 | Lair:6   | Identified The Intricacies of Thaumaturgy
 28566 | Lair:6   | Found a viscous altar of Jiyva.
 28567 | Lair:6   | Found a staircase to the Slime Pits.
 28645 | Lair:6   | Noticed Patate's ghost (journeyman TrFi)
 28712 | Lair:6   | Reached skill level 5 in Spellcasting
 29029 | Lair:6   | Found a runed translucent gate.
 29029 | Lair:6   | Found a runed translucent gate.
 29029 | Lair:6   | Found a runed translucent gate.
 29324 | Lair:6   | Killed Patate's ghost
 29599 | Orc:1    | Entered Level 1 of the Orcish Mines
 29638 | Orc:2    | Entered Level 2 of the Orcish Mines
 29650 | Orc:2    | Noticed Sonja
 29653 | Orc:2    | Killed Sonja
 29756 | Orc:1    | Found a roughly hewn altar of Beogh.
 30293 | Orc:2    | Found Defoimio's Food Boutique.
 30306 | Orc:2    | Found Hariehot's Distillery.
 30336 | Orc:2    | Bought a potion of magic for 112 gold pieces
 30336 | Orc:2    | Bought a potion of might for 56 gold pieces
 30400 | Orc:2    | Received a gift from Okawaru
 30607 | Orc:2    | Reached skill level 1 in Hexes
 30607 | Orc:2    | Reached skill level 1 in Translocations
 30694 | Orc:2    | Found Quehiaj's Book Emporium.
 30694 | Orc:2    | Found a one-way gate leading to the halls of Pandemonium.
 30694 | Orc:2    | Found Relam's Antique Armour Shoppe.
 30698 | Orc:2    | Bought a pair of slimy gloves for 247 gold pieces
 30698 | Orc:2    | Bought a shimmering ring mail for 234 gold pieces
 30698 | Orc:2    | Bought a brightly glowing ring mail for 234 gold pieces
 31120 | Orc:2    | Found Eqoevyth's Jewellery Emporium.
 31130 | Orc:2    | Bought the amulet of the Present {Reflect rC+ Dex-4 SH+3
                  | SInv} for 357 gold pieces
 31146 | Orc:2    | Identified the +4 pair of gloves "Afaiw" {-Tele +Inv MR+
                  | Int+5} (You bought it in a shop on level 2 of the Orcish
                  | Mines)
 31148 | Orc:2    | Found a staircase to the Elven Halls.
 31287 | D:11     | Bought a scroll of identify for 26 gold pieces
 31287 | D:11     | Bought 2 potions of resistance for 260 gold pieces
 31287 | D:11     | Identified the +4 ring mail of Space {rN++ Int+5 Stlth+}
                  | (You bought it in a shop on level 2 of the Orcish Mines)
 31361 | Snake:1  | Entered Level 1 of the Snake Pit
 31361 | Snake:1  | Noticed a nagaraja
 31593 | Snake:1  | Got a coiled steel ring
 31657 | Snake:1  | Reached XP level 16. HP: 112/145 MP: 11/28
 31877 | Snake:1  | Reached skill level 13 in Fighting
 31912 | Snake:1  | Reached skill level 5 in Necromancy
 31924 | Snake:1  | Identified the cursed +1 dagger of Mefisaxt {pierce,
                  | *Corrode rPois MR++}
 31941 | Snake:1  | Received a gift from Okawaru
 32168 | Snake:1  | Identified the +1 ring mail of the Equator {Dex+2 Slay+2}
                  | (You bought it in a shop on level 2 of the Orcish Mines)
 32171 | Snake:1  | Identified the ring of Nuergh {rF+ rC+ Str+4 Dex+4 Stlth+}
                  | (You found it on level 1 of the Snake Pit)
 32188 | Snake:1  | Received a gift from Okawaru
 32345 | Snake:1  | Received a gift from Okawaru
 32768 | Snake:1  | Received a gift from Okawaru
 33856 | Snake:2  | Got a steaming great sword
 33857 | Snake:2  | Identified the +9 great sword of Irritation {drain, +Fly
                  | MR- Dex+6} (You found it on level 2 of the Snake Pit)
 34357 | Snake:3  | Received a gift from Okawaru
 34651 | Snake:3  | Reached skill level 10 in Armour
 34651 | Snake:3  | Reached XP level 17. HP: 147/154 MP: 29/31
 34948 | Snake:3  | Noticed Vashnia
 34961 | Snake:3  | Killed Vashnia
 35673 | Snake:4  | Entered Level 4 of the Snake Pit
 35681 | Snake:4  | Received a gift from Okawaru
 35685 | Snake:4  | Reached skill level 5 in Hexes
 35685 | Snake:4  | Reached skill level 5 in Translocations
 35734 | Snake:4  | Found Guliz's Assorted Antiques.
 35791 | Snake:4  | Bought a scroll labeled UZUAXZ NINGEUMN for 22 gold pieces
 35792 | Snake:4  | Bought a scroll of enchant weapon for 165 gold pieces
 35843 | Snake:4  | Reached skill level 14 in Fighting
 36246 | Snake:4  | Received a gift from Okawaru
 36643 | Snake:4  | Reached XP level 18. HP: 117/165 MP: 26/33
 36909 | Snake:4  | Reached skill level 15 in Fighting
 36966 | Snake:4  | Received a gift from Okawaru
 37040 | Snake:4  | Got a serpentine rune of Zot
 37370 | Snake:4  | Got an iridescent longbow {god gift}
 37371 | Snake:4  | Identified the +4 longbow "Iwoeleer" {flame, rC+ Dex+2}
                  | (Okawaru gifted it to you on level 4 of the Snake Pit)
 37529 | Elf:1    | Entered Level 1 of the Elven Halls
 37593 | Elf:1    | Received a gift from Okawaru
 37707 | Elf:1    | Found Coofoves's General Store.
 37742 | Elf:1    | Noticed Nikola
 38106 | Elf:1    | Received a gift from Okawaru
 38303 | Swamp:1  | Entered Level 1 of the Swamp
 38785 | Swamp:1  | Received a gift from Okawaru
 39094 | Swamp:2  | Received a gift from Okawaru
 39147 | Swamp:2  | Reached skill level 10 in Necromancy
 39997 | Swamp:2  | Got a transparent helmet {god gift}
 39998 | Swamp:2  | Identified the +4 helmet of the Eight Boll Weevils {Regen+
                  | Str+3} (Okawaru gifted it to you on level 2 of the Swamp)
 40036 | Swamp:3  | Reached skill level 16 in Fighting
 40629 | Swamp:3  | Reached XP level 19. HP: 177/177 MP: 34/34
 40720 | Swamp:4  | Entered Level 4 of the Swamp
 40727 | Swamp:4  | Identified Roxanne's Reference Book on Stones
 40727 | Swamp:4  | Noticed Roxanne
 40742 | Swamp:4  | Killed Roxanne
 40767 | Swamp:4  | Learned a level 2 spell: Passwall
 40838 | Swamp:4  | Received a gift from Okawaru
 40895 | Swamp:4  | Reached skill level 1 in Transmutations
 40902 | Swamp:4  | Reached skill level 1 in Earth Magic
 41094 | Swamp:4  | Got a decaying rune of Zot
 41950 | Orc:2    | Bought a book of Callings for 480 gold pieces
 41955 | Orc:2    | Learned a level 4 spell: Summon Lightning Spire
 42072 | Vaults:1 | Entered Level 1 of the Vaults
 42179 | Vaults:1 | Reached skill level 17 in Fighting
 42437 | Vaults:1 | Received a gift from Okawaru
 42487 | Vaults:1 | Got a crude hat {god gift}
 42488 | Vaults:1 | Identified the +0 hat of Wanoyrim {rC+ rN+ Str+8 Stlth+}
                  | (Okawaru gifted it to you on level 1 of the Vaults)
 42626 | Vaults:1 | Reached skill level 1 in Summonings
 42626 | Vaults:1 | Reached skill level 1 in Air Magic
 42846 | Vaults:1 | You are sucked into a shaft!
 43509 | Vaults:2 | Found Varoext's Gadget Emporium.
 43627 | Vaults:2 | Reached XP level 20. HP: 123/192 MP: 35/35
 43633 | Vaults:2 | Reached skill level 18 in Fighting
 43644 | Vaults:2 | Received a gift from Okawaru
 43896 | Vaults:2 | Received a gift from Okawaru
 44103 | Vaults:2 | Found Giemic's Armour Emporium.
 44426 | Vaults:1 | Found Kaicuuh's Food Shoppe.
 44498 | Vaults:1 | Received a gift from Okawaru
 45049 | Vaults:1 | Identified Sif Muna's Guide on Supportive Stolen Souls
 45077 | Vaults:1 | Reached skill level 19 in Fighting
 45615 | Vaults:3 | Received a gift from Okawaru
 45905 | Vaults:3 | Received a gift from Okawaru
 45909 | Vaults:3 | Found a staircase to the Crypt.
 46073 | Vaults:3 | Found Sytimyoj's Distillery.
 46179 | Vaults:3 | Reached skill level 5 in Air Magic
 46188 | Vaults:3 | Reached skill level 5 in Summonings
 46449 | Vaults:3 | Noticed Mara
 46460 | Vaults:3 | Killed Mara
 46460 | Vaults:3 | Reached XP level 21. HP: 143/206 MP: 31/36
 46845 | Vaults:3 | Found a runed translucent gate.
 46845 | Vaults:3 | Found a runed translucent gate.
 46845 | Vaults:3 | Found a runed translucent gate.
 46846 | Vaults:3 | Found an opulent altar of Gozag.
 47074 | Vaults:3 | Noticed Fueclu's ghost (master GrEE)
 47757 | Vaults:4 | Reached skill level 20 in Fighting
 48003 | Vaults:4 | Noticed Donald
 48054 | Vaults:4 | Killed Donald
 48131 | Vaults:4 | Received a gift from Okawaru
 49504 | Depths:1 | Entered Level 1 of the Depths
 49504 | Depths:1 | Found a gateway to Hell.
 49742 | Depths:1 | Received a gift from Okawaru
 49762 | Depths:1 | Got a spiked helmet {god gift}
 49763 | Depths:1 | Identified the +0 helmet of Submission {+Blink rElec Str+4
                  | Slay+3} (Okawaru gifted it to you on level 1 of the Depths)
 49820 | Depths:1 | Found a magical portal.
 49827 | WizLab   | Entered The Chambers of the Cloud Mage
 49862 | WizLab   | Learned a level 5 spell: Borgnjor's Vile Clutch
 50197 | WizLab   | Reached skill level 21 in Fighting
 50958 | WizLab   | Reached XP level 22. HP: 204/212 MP: 24/37
 51009 | WizLab   | Got a faintly glowing iron ring
 51012 | WizLab   | Identified the Incunabulum of Weightlessness
 51022 | WizLab   | Got a brightly glowing marble ring
 51029 | WizLab   | Identified the cursed ring "Ciwarch" {rPois rN+ AC-3 Dex+8
                  | Slay-4} (You found it in a wizard's laboratory)
 51030 | WizLab   | Identified the ring "Hygut" {+Fly rN++ Slay+2} (You found
                  | it in a wizard's laboratory)
 51306 | Depths:1 | Reached skill level 5 in Earth Magic
 51784 | Depths:1 | Found a runed translucent door.
 52157 | Depths:1 | Received a gift from Okawaru
 52206 | Depths:1 | Received a gift from Okawaru
 52543 | Elf:1    | Got a translucent chain mail
 52544 | Elf:1    | Identified the +1 chain mail "Folum" {Regen+ Str+2 Slay+3}
                  | (You found it on level 1 of the Elven Halls)
 53003 | Elf:2    | Found a runed translucent gate.
 53003 | Elf:2    | Found a runed translucent gate.
 53005 | Elf:2    | Found a runed translucent gate.
 53539 | Elf:2    | Identified the +7 great mace "Faxea" {freeze, rElec Str-4
                  | Dex+2} (You found it on level 2 of the Elven Halls)
 53974 | Elf:3    | Entered Level 3 of the Elven Halls
 53992 | Elf:3    | Reached skill level 10 in Spellcasting
 54368 | Elf:3    | Received a gift from Okawaru
 55227 | Elf:3    | Received a gift from Okawaru
 55230 | Elf:3    | Reached XP level 23. HP: 161/219 MP: 41/41
 55235 | Elf:3    | Got a fine centaur barding {god gift}
 55253 | Elf:3    | Found the +12 glaive of Prune {chop}
 55265 | Elf:3    | Reached skill level 10 in Earth Magic
 55314 | Elf:3    | Got a transparent turquoise ring
 55315 | Elf:3    | Identified the ring "Izitzauw" {*Drain +Fly rElec Int+3
                  | Slay+4} (You found it on level 3 of the Elven Halls)
 55326 | Elf:3    | Identified the -7 centaur barding of a Gauntlet {rC+ MP+9
                  | Str+3 Int+4} (Okawaru gifted it to you on level 3 of the
                  | Elven Halls)
 55346 | Elf:3    | Got a transparent hunting sling
 55347 | Elf:3    | Identified the +5 hunting sling "Viubut" {venom, +Fly rN+}
                  | (You found it on level 3 of the Elven Halls)
 55845 | Elf:1    | Killed Nikola
 56278 | Depths:2 | Found a runed translucent door.
 57048 | Depths:2 | Identified the +4 hand axe "Howa" {drain, rElec rC- Str+2
                  | Dex+2}
 57068 | Depths:2 | Identified the +1 buckler "Owkanar" {rElec rCorr}
 57335 | Depths:2 | Received a gift from Okawaru
 57680 | Depths:2 | Identified the +8 halberd of the Sky {chop, *Drain +Inv
                  | rPois}
 57712 | Depths:2 | Identified the ring of Xeemigot {*Corrode rPois Int+10
                  | Stlth-}
 58005 | Depths:2 | Identified the +10 battleaxe of Esanais {flame, rElec rPois
                  | rN++ Int-3}
 58005 | Depths:2 | Identified the ring of Xyzud {rC+ Str+4 Dex+2}
 58087 | Depths:2 | Got transparent pearl dragon scales
 58088 | Depths:2 | Identified the +1 pearl dragon scales "Qunilavvonk" {+Inv
                  | rN+ Dex+2} (You found it on level 2 of the Depths)
 58482 | Depths:3 | Received a gift from Okawaru
 58504 | Depths:3 | Received a gift from Okawaru
 58573 | Depths:3 | Reached XP level 24. HP: 191/228 MP: 31/43
 58653 | Depths:3 | Received a gift from Okawaru
 58744 | Depths:3 | Noticed Xtahua
 58769 | Depths:3 | Killed Xtahua
 58856 | Depths:3 | Identified Riatibbaa's Incunabulum of Inference
 58971 | Depths:3 | Found Peculyhal's Antique Armour Shoppe.
 58995 | Depths:3 | Bought a jewelled scale mail for 387 gold pieces
 58995 | Depths:3 | Identified the +0 scale mail of Lilacs {rC+ Int+4} (You
                  | bought it in a shop on level 3 of the Depths)
 59176 | Depths:3 | Received a gift from Okawaru
 59233 | Depths:3 | Found a gateway to a ziggurat.
 59645 | Depths:3 | Reached skill level 22 in Fighting
 60149 | Depths:4 | Identified the Incunabulum of the Twisted Glacier
 60316 | Depths:4 | Found a one-way gate to the infinite horrors of the Abyss.
 60430 | Depths:4 | Received a gift from Okawaru
 60439 | Depths:4 | Identified the +0 shield of the Evil One {rElec rN+}
                  | (Okawaru gifted it to you on level 4 of the Depths)
 61069 | Depths:5 | Entered Level 5 of the Depths
 61757 | Depths:5 | Reached XP level 25. HP: 183/240 MP: 38/44
 61797 | Depths:5 | Found a gate to the Realm of Zot.
 61807 | Depths:5 | Received a gift from Okawaru
 62394 | Crypt:1  | Entered Level 1 of the Crypt
 62702 | Crypt:1  | Noticed Sojobo
 62713 | Crypt:1  | Reached skill level 23 in Fighting
 62941 | Crypt:1  | Killed Sojobo
 62941 | Crypt:1  | Received a gift from Okawaru
 62978 | Crypt:1  | Reached skill level 15 in Armour
 63035 | Crypt:1  | Noticed Boris
 63043 | Crypt:1  | Killed Boris
 63043 | Crypt:1  | Received a gift from Okawaru
 63203 | Crypt:1  | Received a gift from Okawaru
 63705 | Crypt:2  | Noticed an ancient lich
 63720 | Crypt:2  | Killed an ancient lich
 63720 | Crypt:2  | Received a gift from Okawaru
 64257 | Crypt:2  | Found the +6 Majin-Bo {vamp, Archmagi MP+6 Int+6}
 64295 | Crypt:2  | Noticed an ancient lich
 64305 | Crypt:2  | Killed an ancient lich
 64501 | Crypt:2  | Identified the +5 shortbow of Triumph {venom, Int+2 Stlth+}
                  | (Okawaru gifted it to you on level 2 of the Crypt)
 64507 | Crypt:3  | Entered Level 3 of the Crypt
 64626 | Crypt:3  | Found a staircase to the Tomb.
 64735 | Crypt:3  | Reached skill level 24 in Fighting
 64851 | Crypt:3  | Found the +8 storm bow {elec, penet}
 64855 | Crypt:3  | Learned a level 2 spell: Corpse Rot
 65025 | Crypt:3  | Received a gift from Okawaru
 65036 | Crypt:3  | Identified the +2 centaur barding "Gam Sus" {Slay+3}
                  | (Okawaru gifted it to you on level 3 of the Crypt)
 65331 | Crypt:3  | Learned a level 5 spell: Aura of Abjuration
 65435 | Crypt:3  | Noticed an ancient lich
 65439 | Crypt:3  | Noticed an ancient lich
 65445 | Crypt:3  | Killed an ancient lich
 65453 | Crypt:3  | Reached XP level 26. HP: 115/255 MP: 16/44
 65458 | Crypt:3  | Killed an ancient lich
 65632 | Crypt:3  | Identified the Reference Book on Dark Arts
 65640 | Crypt:3  | Learned a level 5 spell: Dispel Undead
 66079 | Depths:3 | Learned a level 4 spell: Animate Dead
 66332 | Slime:1  | Entered Level 1 of the Pits of Slime
 66550 | Slime:2  | Lost mutation: You are agile. (Dex +2) [a shining eye]
 66569 | Slime:3  | Paralysed by a floating eye for 3 turns
 66885 | Slime:3  | You fall through a shaft!
 66971 | Slime:5  | Entered Level 5 of the Pits of Slime
 66989 | Slime:5  | Received a gift from Okawaru
 67081 | Slime:5  | Noticed the Royal Jelly
 67109 | Slime:5  | Killed the Royal Jelly
 67283 | Slime:4  | HP: 7/264 [acid[the Royal Jelly] (8)]
 67283 | Slime:4  | Killed from afar by an acid blob

Levels and vault maps discovered:
D:1:      dpeg_arrival_rooms_with_view, layout_basic
D:2:      minmay_inner_zag, layout_rooms, hangedman_ru_absence,
          nicolae_overflow_hidden_temple, xom_butterflies, vehumet_crystals,
          chequers_ecumenical_altar_simple_redux, chequers_garden,
          kennysheep_generic_room_9, uniq_jessica
D:3:      layout_basic, uniq_ijyb
D:4:      layout_loops_ring, minmay_temple_entry_wispy, st_stairs_12,
          minmay_circle_x
D:5:      wander_guarded_unrand_ratskin, layout_loops_ring, first_ration,
          uniq_sigmund
D:6:      layout_loops_corners, overflow_temple_1_default,
          gammafunk_temple_overflow_statue, marbit_many_paths
D:7:      layout_basic
D:8:      layout_basic, basic_altar, uniq_harold, uniq_maurice
D:9:      layout_irregular_city, serial_shops, nicolae_shop_stone
D:10:     layout_roguey
D:11:     layout_small_grid, david_lair_shrubbed, special_room
          [special_room_orc], serial_shops, nicolae_shop_trees
D:12:     layout_loops_ring, hiddenorc2_lemuel, basic_altar
D:13:     layout_basic, serial_shops, shop, hangedman_stone_soup, uniq_rupert,
          uniq_snorg, uniq_urug, uniq_josephine
D:14:     layout_irregular_city, david_vaults_5
D:15:     gammafunk_depths_entry_grave, layout_rooms, lemuel_round_altar,
          minmay_misc_feat_rows
Temple:   eino_narrow_crystal_temple
Lair:1:   layout_roguey
Lair:2:   wad_woods_minihive, layout_long_grid, portal_ice_cave_demonic_guard,
          cheibrodos_lair_caveside_slide
Lair:3:   layout_big_grid, minmay_snake_entry_guardpost_medium,
          dpeg_stationary_puzzle
Lair:4:   layout_concentric_octagons, skrybe_swamp_entry_bodies,
          ebering_ghost_funeral_grove, serial_bayou_shore_a, uniq_nergalle
Lair:5:   regret_index_wax_grids, layout_hall_layers, st_stairs_3,
          serial_bayou_shore_b, grunt_megastairs_5, uniq_kirke
Lair:6:   minmay_lair_end_frog_pond, layout_gridlike, slime_altar_1,
          gammafunk_ghost_icy
Swamp:1:  layout_falls_marsh, infiniplex_staircase_pool_2, swamp_pool4,
          hangedman_swamp_blocks
Swamp:2:  layout_basic_swamp, evilmike_swamp_ruin_house_2
Swamp:3:  layout_basic_swamp, evilmike_swamp_ruin_house_6
Swamp:4:  swamp_alternative, layout_basic_swamp, infiniplex_staircase_pool,
          uniq_roxanne
Snake:1:  layout_layer_cave, evilmike_ambush [evilmike_ambush_outer_corners,
          evilmike_ambush_inner_wall_2]
Snake:2:  layout_onion_interference, lemuel_fruit_tree, grunt_megastairs_1
Snake:3:  layout_layer_cave, special_room, serial_bayou_pond_a,
          nrook_guardian_serpent_ordinary, uniq_vashnia
Snake:4:  grunt_snake_rune_serpentine_throne, layout_misc_corridors,
          serial_shops, shop, serial_bayou_lagoon_a
Slime:1:  layout_caves
Slime:2:  layout_caves
Slime:3:  layout_caves
Slime:4:  layout_caves, nicolae_slime_barrier
Slime:5
Orc:1:    layout_diamond_mine, kennysheep_orc_chapel
Orc:2:    pf_orc_diabolical, layout_caves, serial_shops,
          nicolae_shop_statue_plus, uniq_sonja
Elf:1:    minmay_elf_arrival_circle, layout_loops_cross, serial_shops, shop,
          hex_tiny, uniq_nikola
Elf:2:    layout_gridlike, serial_glass, glass_columns_a, glass_columns_b,
          glass_columns_a, glass_columns_b, glass_columns_c, glass_columns_c
Elf:3:    minmay_elf_hall_statues, layout_geoelf_castle
Vaults:1: nicolae_vaults_circle_grid_b, hangedman_vaults_slice,
          nicolae_vaults_little_squares_6, v_misc_2,
          nicolae_vaults_holding_cells, v_alt_pattern_4,
          nicolae_vaults_windows_and_doors_thing, hangedman_vaults_trim,
          hangedman_vaults_cutoff, vaults_room_pool, layout_vaults_ring,
          serial_shops, shop
Vaults:2: nicolae_vaults_disjoint_gnomons, v_alt_pattern_2,
          nicolae_vaults_little_squares_2, st_cells,
          nicolae_vaults_little_squares_2, hangedman_vaults_maws, v_rooms_5,
          nicolae_vaults_rhombus_7, vaults_room_mumra_shop_pool,
          ontoclasm_vaults_loading_screen, nicolae_vaults_alarming,
          hangedman_vaults_corner, hangedman_vaults_impose, vaults_dpeg_spiral,
          layout_vaults_maze, serial_shops, shop_statue
Vaults:3: ebering_vaults_ghost_gozag, nicolae_vaults_little_squares_3,
          v_alt_pattern_4, v_alt_pattern_6, dpeg_vaults_monster_box, v_misc_27,
          vaults_dpeg_hooks, grunt_vaults_hallway_short,
          nicolae_vaults_mini_display_case, st_cross,
          layout_vaults_chaotic_city, minmay_crypt_entry_simple_round,
          serial_shops, shop, uniq_mara
Vaults:4: v_alt_pattern_1, v_alt_pattern_1, v_rooms_3, grunt_vaults_twisty,
          v_misc_29, nicolae_vaults_an_arrangement,
          ontoclasm_vaults_loading_screen, grunt_vaults_diagonal,
          vaults_room_stairs_pillars, v_misc_22, layout_vaults_omnigrid,
          uniq_donald
Crypt:1:  layout_chaotic_city, uniq_sojobo, uniq_boris
Crypt:2:  minmay_guarded_unrand_majin_bo, layout_chaotic_city
Crypt:3:  david_glass_crypt, layout_misc_corridors, grunt_ministairs_6,
          ebering_dispersal_statue_hall
Depths:1: layout_cave_pools, minmay_misc_feat_five, serial_sigils,
          serial_sigils_hangedman_snap, serial_sigils_hangedman_shear,
          serial_sigils_hangedman_confine, serial_sigils_hangedman_stare,
          hell_entry, infiniplex_enter_wizlab_glasses, lightli_gold_pyramid
Depths:2: box_level_dp, hell_entry
Depths:3: minmay_the_grid_octo_tiled_squarecenter [minmay_the_grid_octo_empty,
          minmay_the_grid_octo_checkerflower,
          minmay_the_grid_octo_thin_diamonds, minmay_the_grid_octo_concentric,
          minmay_the_grid_square_5x5_megaprize_checkered,
          minmay_the_grid_square_5x5_spiral_small,
          minmay_the_grid_square_5x5_fat_x, minmay_the_grid_square_5x5_comb,
          minmay_the_grid_square_5x5_empty], layout_long_grid, enter_ziggurat_f,
          serial_shops, nicolae_shop_stone, pf_hell_entry_great_geh,
          infiniplex_staircase_zigzag_5, pan_entry, uniq_xtahua
Depths:4: minmay_strange_plus, layout_gridville, abyss_entry,
          pf_hell_entry_tar_spiral, patterned_corridor, firewood_loft,
          serial_bayou_shore_b, minmay_staircase_windowed_large,
          serial_bayou_shore_b
Depths:5: grunt_zot_entry_bicorn, layout_cave_pools, minmay_misc_feat_square,
          hell_entry, minmay_misc_feat_secret_circle

Skill      XL: |  1  2  3  4  5  6  7  8  9 10 11 12 13 14 15 16 17 18 19 20 21 22 23 24 25 26 |
---------------+-------------------------------------------------------------------------------+-----
Bows           | 6 7 10 12 14 16 18 20 | 20.0
Armour         | 1 2 3 4 5 6 7 8 9 10 11 12 13 14 15 | 15.9
Fighting       | 3 4 5 6 8 9 10 12 13 14 16 17 19 21 22 24 | 24.8
Evocations     | 1 2 3 4 5 |  5.0
Invocations    | 2 4 5 6 7 9 10 11 | 11.3
Charms         | 2 4 6 7 |  7.4
Spellcasting   | 1 4 6 8 10 12 13 | 13.0
Necromancy     | 3 4 6 8 10 | 10.9
Hexes          | 1 4 6 7 |  7.1
Translocations | 1 4 6 7 |  7.0
Transmutations | 3 |  3.1
Earth Magic    | 2 3 9 11 13 | 13.7
Summonings     | 2 5 7 8 9 |  9.2
Air Magic      | 2 5 7 8 |  8.4
Dodging        | 2 3 |  3.2
Stealth        | |  0.4

Action                   |  1- 3 |  4- 6 |  7- 9 | 10-12 | 13-15 | 16-18 | 19-21 | 22-24 | 25-27 || total
-------------------------+-------+-------+-------+-------+-------+-------+-------+-------+-------++-------
Melee: Short sword       |   121 |   266 |   254 |    60 |       |       |       |       |       ||   701
       Kick              |    23 |    67 |    76 |    19 |       |       |       |       |       ||   185
       Hand axe          |       |    60 |       |       |       |       |       |       |       ||    60
       Unarmed           |       |     4 |       |       |       |       |       |       |       ||     4
       Punch             |       |       |       |     3 |       |       |       |       |       ||     3
 Fire: Shortbow          |     5 |    20 |   226 |   902 |       |       |       |       |       ||  1153
       Longbow           |       |       |       |   165 |  1418 |  1311 |  1756 |  1522 |   732 ||  6904
 Cast: Song of Slaying   |       |       |       |       |    62 |    75 |    73 |    86 |    30 ||   326
       Regeneration      |       |       |       |       |    20 |   105 |    63 |    81 |    43 ||   312
       Portal Projectile |       |       |       |       |       |     1 |     3 |     3 |     9 ||    16
       Summon Lightning  |       |       |       |       |       |       |     7 |     5 |       ||    12
       Borgnjor's Vile C |       |       |       |       |       |       |     1 |     5 |     3 ||     9
       Apportation       |       |       |       |       |       |       |     1 |       |       ||     1
Invok: Heroism           |       |       |     1 |     7 |     6 |     7 |    12 |     6 |     7 ||    46
       Finesse           |       |       |       |     2 |     4 |     6 |    10 |     3 |     7 ||    32
 Abil: Evoke Ratskin     |       |       |     1 |       |       |       |       |       |       ||     1
       Stop Flying       |       |       |       |       |       |       |     1 |     1 |       ||     2
       Evoke Flight      |       |       |       |       |       |       |       |     1 |       ||     1
Evoke: Wand              |       |       |       |     1 |     1 |       |       |       |     2 ||     4
  Use: Scroll            |       |       |    10 |    11 |    13 |    16 |     6 |    19 |     7 ||    82
       Potion            |       |       |     3 |     2 |       |     2 |       |       |     3 ||    10
 Stab: Paralysed         |       |       |       |     2 |       |       |       |       |       ||     2
  Eat: Chunk             |     1 |    13 |    10 |    19 |    41 |    16 |    27 |    19 |       ||   146
       Ration            |       |       |     1 |     2 |     1 |     4 |     2 |     4 |     5 ||    19
Armor: Leather armour    |    42 |     6 |       |       |       |       |       |       |       ||    48
       Chain mail        |       |   220 |    31 |       |       |       |       |   161 |   143 ||   555
       Skin              |       |     1 |       |       |       |       |       |       |       ||     1
       Ring mail         |       |       |   189 |   336 |   379 |   309 |   460 |    84 |    85 ||  1842
Dodge: Dodged            |    50 |   110 |   133 |   164 |   178 |   109 |   169 |    84 |    57 ||  1054
Block: Other             |       |       |       |       |     5 |    28 |    59 |    43 |    23 ||   158
       Reflection        |       |       |       |       |       |     3 |    10 |    13 |       ||    26

Table legend:
 A = Non-vault XP
 B = Vault XP
 C = Vault XP percentage of total XP
 D = Non-vault monster count
 E = Vault monster count
 F = Vault count percentage of total count
                 A         B        C        D         E       F
            +---------+---------+-------+---------+---------+-------
      Total |  753069 |  621268 |  45.2 |    1557 |     910 |  36.9
            +---------+---------+-------+---------+---------+-------
        D:1 |      40 |       2 |   4.8 |      22 |       2 |   8.3
        D:2 |     110 |      66 |  37.5 |      27 |       8 |  22.9
        D:3 |      91 |      36 |  28.3 |      26 |       1 |   3.7
        D:4 |     209 |      46 |  18.0 |      10 |       2 |  16.7
        D:5 |     379 |     277 |  42.2 |      12 |      22 |  64.7
        D:6 |     429 |       0 |   0.0 |      20 |       0 |   0.0
        D:7 |     802 |       0 |   0.0 |      14 |       0 |   0.0
        D:8 |     368 |     449 |  55.0 |       5 |       1 |  16.7
        D:9 |     875 |       0 |   0.0 |      19 |       0 |   0.0
       D:10 |    2162 |     142 |   6.2 |      19 |       1 |   5.0
       D:11 |    5461 |    1446 |  20.9 |      29 |      22 |  43.1
       D:12 |    4936 |     269 |   5.2 |      36 |      29 |  44.6
       D:13 |    3218 |    6951 |  68.4 |      20 |      11 |  35.5
       D:14 |    7816 |    7246 |  48.1 |      27 |      19 |  41.3
       D:15 |   11170 |    3708 |  24.9 |      41 |       8 |  16.3
     Lair:1 |    2143 |       0 |   0.0 |      11 |       0 |   0.0
     Lair:2 |    2852 |    3650 |  56.1 |      10 |      50 |  83.3
     Lair:3 |    3924 |    1401 |  26.3 |      16 |      10 |  38.5
     Lair:4 |    5778 |    1432 |  19.9 |      22 |       4 |  15.4
     Lair:5 |    5880 |   17141 |  74.5 |      24 |      71 |  74.7
     Lair:6 |    7708 |   13803 |  64.2 |      32 |      50 |  61.0
    Swamp:1 |   13028 |       0 |   0.0 |      40 |       0 |   0.0
    Swamp:2 |   17646 |       0 |   0.0 |      40 |       0 |   0.0
    Swamp:3 |   13364 |       0 |   0.0 |      29 |       0 |   0.0
    Swamp:4 |   15888 |   17724 |  52.7 |      39 |      25 |  39.1
    Snake:1 |   21933 |   14554 |  39.9 |      41 |      22 |  34.9
    Snake:2 |   16778 |    5858 |  25.9 |      28 |      10 |  26.3
    Snake:3 |   22463 |    9892 |  30.6 |      39 |       8 |  17.0
    Snake:4 |   30770 |   50689 |  62.2 |      57 |      65 |  53.3
    Slime:1 |    3929 |       0 |   0.0 |       5 |       0 |   0.0
    Slime:2 |    9174 |       0 |   0.0 |      16 |       0 |   0.0
    Slime:3 |    6032 |       0 |   0.0 |       8 |       0 |   0.0
    Slime:4 |    6892 |       0 |   0.0 |      10 |       0 |   0.0
    Slime:5 |    5620 |   16880 |  75.0 |       8 |       4 |  33.3
      Orc:1 |    2028 |    1048 |  34.1 |      14 |       7 |  33.3
      Orc:2 |    3575 |   15687 |  81.4 |      31 |      60 |  65.9
      Elf:1 |   12467 |    6443 |  34.1 |      21 |       5 |  19.2
      Elf:2 |   20791 |   23456 |  53.0 |      32 |      28 |  46.7
      Elf:3 |   12463 |   40213 |  76.3 |      21 |      25 |  54.3
   Vaults:1 |   57168 |   23524 |  29.2 |      94 |      38 |  28.8
   Vaults:2 |   30860 |   17154 |  35.7 |      63 |      22 |  25.9
   Vaults:3 |   19557 |   40264 |  67.3 |      38 |      38 |  50.0
   Vaults:4 |   39994 |   19969 |  33.3 |      58 |      21 |  26.6
    Crypt:1 |   31338 |   15459 |  33.0 |      49 |       4 |   7.5
    Crypt:2 |   29823 |   20792 |  41.1 |      46 |       9 |  16.4
    Crypt:3 |   30111 |   39488 |  56.7 |      37 |      16 |  30.2
   Depths:1 |   47662 |   18005 |  27.4 |      65 |      14 |  17.7
   Depths:2 |   61068 |   56671 |  48.1 |      82 |      69 |  45.7
   Depths:3 |   45963 |   30519 |  39.9 |      43 |      20 |  31.7
   Depths:4 |   24103 |   21919 |  47.6 |      26 |      11 |  29.7
   Depths:5 |   34230 |   24633 |  41.8 |      35 |      14 |  28.6
      IceCv |       0 |    4868 | 100.0 |       0 |      22 | 100.0
     WizLab |       0 |   27494 | 100.0 |       0 |      42 | 100.0
            +---------+---------+-------+---------+---------+-------
